 Dungeon Crawl Stone Soup version 0.24-a0-70-gf44d0c5 (console) character file.

Game seed: 12759100594534489224

73 Duffy the Chopper (level 4, -2/42 HPs)
             Began as a Naga Fighter on Feb 6, 2019.
             Slain by Ijyb
             ... wielding a +4 dagger of protection
              (5 damage)
             ... on level 3 of the Dungeon.
             The game lasted 00:01:54 (1499 turns).

Duffy the Chopper (Naga Fighter)                    Turns: 1499, Time: 00:01:55

Health: -2/42      AC:  7    Str: 20    XL:     4   Next: 27%
Magic:  4/4        EV:  5    Int:  8    God:
Gold:   77         SH:  9    Dex: 10    Spells: 3/3 levels left

rFire    . . .     SeeInvis +   a - +0 war axe
rCold    . . .     Gourm    .   c - +0 shield
rNeg     + . .     Faith    .   b - +0 scale mail
rPois    +         Spirit   .   j - +1 helmet
rElec    .         Reflect  .   (no cloak)
rCorr    .         Harm     .   (no gloves)
MR       .....                  (no barding)
Stlth    ..........             (no amulet)
HPRegen  0.14/turn              h - ring of positive energy
MPRegen  0.09/turn              (no ring)

@: very slow
A: large, see invisible, deformed body, poison resistance, slowness 2, slow
metabolism 1, spit poison 1, AC +1
a: Spit Poison


You were on level 3 of the Dungeon.
You were not hungry.

You visited 1 branch of the dungeon, and saw 3 of its levels.

You collected 77 gold pieces.

Inventory:

Hand Weapons
 a - a +0 war axe (weapon)
Armour
 b - a +0 scale mail (worn)
 c - a +0 shield (worn)
 j - a +1 helmet (worn)
Jewellery
 h - a ring of positive energy (left hand)
Scrolls
 e - 3 scrolls of teleportation {unknown}
 i - 5 scrolls of identify {unknown}
 o - a scroll of immolation {unknown}
 p - a scroll of remove curse {unknown}
Potions
 d - a potion of might
 g - a potion of heal wounds
 k - a potion of brilliance {unknown}
 l - 3 potions of agility {unknown}
 m - a potion of curing {unknown}
Comestibles
 f - 3 rations


   Skills:
 - Level 3.0 Fighting
 + Level 3.4 Axes
 - Level 2.4 Armour
 + Level 3.3 Shields


You had 3 spell levels left.
You didn't know any spells.
Your spell library was empty.

Dungeon Overview and Level Annotations

Branches:
Dungeon (3/15)

Altars:

Annotations:
D:3 Ijyb


Innate Abilities, Weirdness & Mutations

You cannot wear boots.
Your serpentine skin is tough. (AC +1)
You have supernaturally acute eyesight. (SInv)
Armour fits poorly on your strangely shaped body.
Your system is resistant to poisons. (rPois)
You cover ground very slowly.
You have a slow metabolism.
You can spit poison.


Message History

Ijyb is almost dead.
Ijyb zaps a wand.
You struggle to resist.
The now-empty wand crumbles to dust.
You barely miss Ijyb.
Ijyb is almost dead.
Ijyb hits you but does no damage.
You closely miss Ijyb.
Ijyb is almost dead.
Ijyb barely misses you.
Ijyb hits you with a +4 dagger of protection.
Your shield and scale mail prevent you from hitting Ijyb.
Ijyb is almost dead.
You block Ijyb's attack.
You hit Ijyb but do no damage.
Ijyb is almost dead.
Ijyb hits you but does no damage.
You hit Ijyb.
Ijyb is almost dead.
Ijyb screams, "Me stronger than you!"
Ijyb hits you with a +4 dagger of protection.
You die...

.......#.#..#.#
.......#.# # #
.......#.##.#.#.
................
####.###.##.#.#.
#.......>#
#####o#### #g#
#@# #.#
######)######
#.....).?.....
#.####.#######
.... #.### #.#
#..


You could see Ijyb and an orc.

Vanquished Creatures
  A gnoll (D:1)
  2 adders
  2 worms (D:2)
  A dart slug (D:2)
  2 leopard geckos (D:2)
  An orc (D:3)
  A ball python (D:3)
  4 hobgoblins
  8 kobolds
  2 quokkas (D:2)
  3 bats
  4 frilled lizards
  3 goblins
  4 rats
38 creatures vanquished.

Notes
Turn   | Place    | Note
-------+----------+-------------------------------------------
     0 | D:1      | Duffy the Naga Fighter began the quest for the Orb.
     0 | D:1      | Reached XP level 1. HP: 21/21 MP: 1/1
   128 | D:1      | Reached XP level 2. HP: 28/28 MP: 2/2
   692 | D:2      | Reached XP level 3. HP: 15/34 MP: 3/3
  1268 | D:2      | Reached XP level 4. HP: 42/42 MP: 4/4
  1434 | D:3      | Found a faded altar of an unknown god.
  1468 | D:3      | Noticed Ijyb
  1499 | D:3      | Slain by Ijyb

Vault maps used:
D:1:      matt_arrival_los_fun, layout_basic
D:2:      layout_basic, first_ration
D:3:      layout_basic, okawaru_altar_gauntlet_db,
          chequers_ecumenical_altar_island, portal_sewer_entry_d, uniq_ijyb

Skill      XL: |  1  2  3 |
---------------+----------+-----
Shields        | 3 |  3.3
Axes           | 3 |  3.4
Fighting       | |  3.0
Armour         | |  2.4

Action                   |  1- 3 |  4- 6 || total
-------------------------+-------+-------++-------
Melee: War axe           |    61 |    22 ||    83
 Abil: Spit Poison       |    12 |     3 ||    15
  Use: Potion            |       |     1 ||     1
  Eat: Chunk             |     1 |     1 ||     2
Armor: Scale mail        |    36 |    10 ||    46
Dodge: Dodged            |    13 |     5 ||    18
Block: Shield            |    26 |    10 ||    36

Table legend:
 A = Non-vault XP
 B = Vault XP
 C = Vault XP percentage of total XP
 D = Non-vault monster count
 E = Vault monster count
 F = Vault count percentage of total count
                 A         B        C        D         E       F
            +---------+---------+-------+---------+---------+-------
      Total |     105 |       0 |   0.0 |      38 |       0 |   0.0
            +---------+---------+-------+---------+---------+-------
        D:1 |      26 |       0 |   0.0 |      11 |       0 |   0.0
        D:2 |      59 |       0 |   0.0 |      23 |       0 |   0.0
        D:3 |      20 |       0 |   0.0 |       4 |       0 |   0.0
            +---------+---------+-------+---------+---------+-------
